 Dungeon Crawl Stone Soup version 0.19.5 (webtiles) character file.

10868 Trixie the Severer (level 11, -2/101 HPs)
             Began as a Hill Orc Berserker on Mar 24, 2017.
             Was a High Priest of Trog.
             Slain by a wolf spider (13 damage)
             ... on level 3 of the Lair of Beasts.
             The game lasted 00:22:37 (12284 turns).

Trixie the Severer (Hill Orc Berserker)            Turns: 12284, Time: 00:22:37

Health: -2/101     AC: 20    Str: 21    XL:     11   Next: 68%
Magic:  12/12      EV:  8    Int:  7    God:    Trog [*****.]
Gold:   648        SH:  0    Dex: 13    Spells: 0 memorised, 10 levels left

rFire  . . .     SeeInvis .     b - +4 battleaxe
rCold  . . .     Gourm    .     o - +0 plate armour
rNeg   . . .     Faith    .     (shield currently unavailable)
rPois  .         Spirit   .     y - +0 helmet
rElec  .         Reflect  .     (no cloak)
rCorr  .         Harm     .     q - +0 pair of gloves
MR     +....                    d - +1 pair of boots
Stlth  ..........               (no amulet)
                                G - ring of protection from magic
                                g - +1 ring of evasion

@: exhausted, about to teleport, slowed, very slow
A: no striking features
a: Berserk, Trog's Hand, Brothers in Arms, Burn Spellbooks, Renounce Religion


You were on level 3 of the Lair of Beasts.
You worshipped Trog.
Trog was extremely pleased with you.
You were near starving.

You visited 2 branches of the dungeon, and saw 12 of its levels.

You collected 648 gold pieces.

Inventory:

Hand Weapons
 b - a +4 battleaxe (weapon)
 L - a +3 war axe of flaming
Armour
 d - a +1 pair of boots (worn)
 o - a +0 plate armour (worn)
 q - a +0 pair of gloves (worn)
 y - a +0 helmet (worn)
Jewellery
 a - a +3 ring of evasion
 g - a +1 ring of evasion (left hand)
 n - an uncursed ring of ice
 z - the amulet "Aguexaes" {Gourm *Slow Str+3 Dex+6}
   (You found it on level 5 of the Dungeon)

   [amulet of the gourmand]

   It allows you to eat raw meat even when not hungry.
   It affects your strength (+3).
   It affects your dexterity (+6).
   It may slow you when you take damage.
 G - a ring of protection from magic (right hand)
 K - an uncursed amulet of magic regeneration
 U - an uncursed amulet of harm {unknown}
Wands
 w - a wand of polymorph (14/24)
 C - a wand of polymorph (9/24)
 D - a wand of disintegration (14/24)
 F - a wand of random effects (21/48)
 Q - a wand of lightning (10/15)
 S - a wand of flame (15/48)
 V - a wand of slowing (14/48)
Scrolls
 f - 2 scrolls of amnesia
 h - 6 scrolls of teleportation
 i - a scroll of immolation
 p - 4 scrolls of identify
 r - 6 scrolls of magic mapping
 s - 2 scrolls of random uselessness
 x - 8 scrolls of remove curse
 B - a scroll of blinking
 H - 3 scrolls of enchant armour {unknown}
 N - a scroll of vulnerability {unknown}
 O - a scroll of recharging {unknown}
 T - a scroll of noise {unknown}
Potions
 e - a potion of magic {unknown}
 k - a potion of ambrosia {unknown}
 l - a potion of brilliance {unknown}
 u - 3 potions of cure mutation {unknown}
 v - 3 potions of degeneration {unknown}
 A - 2 potions of heal wounds {unknown}
 E - a potion of resistance {unknown}
 I - a potion of haste {unknown}
 J - 3 potions of flight {unknown}
Books
 R - a book of Clouds

   Spells                             Type                      Level
   a - Mephitic Cloud                 Conjuration/Poison/Air       3
   b - Conjure Flame                  Conjuration/Fire             3
   c - Poisonous Cloud                Conjuration/Poison/Air       6
   d - Freezing Cloud                 Conjuration/Ice/Air          6
   e - Ring of Flames                 Charms/Fire                  7
   Trog disapproves of the use of such an item.
Comestibles
 c - 6 bread rations
 j - 3 beef jerkies
 t - 3 meat rations
 M - a slice of pizza
 P - a royal jelly


   Skills:
 + Level 10.4 Fighting
 - Level 15.0(15.2) Axes
   Level 4.3(9.6) Maces & Flails
 - Level 2.3 Throwing
 + Level 10.9 Armour
 - Level 1.5 Dodging
 - Level 0.1 Stealth
 - Level 1.6 Evocations


You had 10 spell levels left.
You didn't know any spells.

Dungeon Overview and Level Annotations

Branches:
Dungeon (9/15)             Temple (0/1) D:4            Lair (3/6) D:9
 Spider (0/4) Lair:3
  Swamp: Lair:2-4    Shoals: Lair:2-4       Orc: D:9-12

Altars:
Ashenzari
Dithmenos
Gozag
Makhleb
Sif Muna
Trog
Vehumet
Yredelemnul
Zin

Annotations:
D:8 Psyche


Message History

* * * LOW HITPOINT WARNING * * *
The wolf spider closely misses you.
The redback bites you but does no damage. x2
The wolf spider hits you.
* * * LOW HITPOINT WARNING * * *
The wolf spider bites you but does no damage.
The wolf spider hits you!
* * * LOW HITPOINT WARNING * * *
The wolf spider barely misses you.
The redback bites you but does no damage.
The wolf spider hits you but does no damage.
The wolf spider bites you but does no damage.
Unknown command.
Unknown command.
You feel better. The wolf spider hits you.
* * * LOW HITPOINT WARNING * * *
The wolf spider bites you but does no damage.
The redback bites you but does no damage. x2
The wolf spider hits you!
You die...
P......$.....##.#.# ###### PP................

##### ...... .........
##.... .....##....P...
#...≈≈ #.+.#...[..# #≈≈≈≈.
.####.#.....# #. #∩§...
............## ... ######
........##.ss## ...# ##
.........##@s^### ....#####.
..........#ss^..# ..........
..........##..^.# (.........
...........#..^..##..##.....
.#.#.PPP...##.^...# ##(...#.
###.###....##..>.# #.#...##
#. #.....##...# ##.....# .
#......###.# ##...P# #
#.........###..##.....


You could see 2 wolf spiders, a jumping spider and 2 redbacks.

Vanquished Creatures
  A hydra (Lair:2)
  Harold (Lair:2)
  A lindwurm (Lair:3)
  2 spiny frogs
  A komodo dragon (Lair:2)
  A polar bear (Lair:3)
  Grinder (D:5)
  A blink frog (D:9)
  3 hippogriffs
  9 yaks
  3 wyverns
  A basilisk (Lair:1)
  3 water moccasins
  5 porcupines
  2 orc warriors (D:9)
  A sky beast (D:7)
  3 ice beasts
  4 ogres
  2 centaurs
  5 crocodiles
  2 big kobolds
  10 bullfrogs
  5 killer bees (D:9)
  2 crimson imps
  2 bullfrog zombies (D:9)
  A jelly (D:5)
  A hound (D:9)
  A quasit (D:8)
  5 orc priests
  The ghost of Amon001 the Vexing, a weakling FeEn (D:3)
  2 centaur skeletons
  14 orc wizards
  6 iguanas
  10 worker ants
  A hound zombie (D:5)
  2 worker ant zombies
  Robin (D:4)
  11 adders
  A howler monkey skeleton (D:9)
  A river rat (D:9)
  A shadow imp (D:9)
  2 oozes
  4 worms
  2 dart slugs (D:2)
  A leopard gecko (D:4)
  42 orcs
  12 bats
  5 giant cockroaches
  2 gnoll zombies (D:5)
  18 goblins
  10 hobgoblins
  11 jackals
  7 quokkas
  3 frilled lizards
  A jackal zombie (D:5)
  34 kobolds
  A quokka skeleton (D:7)
  2 quokka zombies
  6 rats
  3 fungi
  3 plants (D:4)
299 creatures vanquished.

Vanquished Creatures (collateral kills)
  A hornet (D:7)
1 creature vanquished.

Vanquished Creatures (others)
  2 fungi (Lair:2)
2 creatures vanquished.

Grand Total: 302 creatures vanquished

Notes
Turn   | Place    | Note
-------+----------+-------------------------------------------
     0 | D:1      | Trixie the Hill Orc Berserker began the quest for the Orb.
     0 | D:1      | Reached XP level 1. HP: 19/19 MP: 1/1
    94 | D:1      | Reached XP level 2. HP: 21/26 MP: 2/2
   397 | D:1      | Reached skill level 5 in Axes
   725 | D:1      | Reached XP level 3. HP: 31/31 MP: 3/3
  1277 | D:2      | Reached ** piety under Trog
  1669 | D:2      | Reached XP level 4. HP: 39/39 MP: 4/4
  2464 | D:3      | Noticed Amon001's ghost (weakling FeEn)
  2468 | D:3      | Killed Amon001's ghost
  2469 | D:3      | Reached XP level 5. HP: 47/47 MP: 5/5
  2588 | D:3      | Reached skill level 5 in Fighting
  3001 | D:4      | Reached skill level 5 in Armour
  3075 | D:4      | Reached XP level 6. HP: 50/56 MP: 6/6
  3103 | D:4      | Noticed Robin
  3141 | D:4      | Killed Robin
  3243 | D:4      | Reached *** piety under Trog
  3391 | D:4      | Got a slimy mace
  3401 | D:4      | Identified the +3 mace of Temperance {antimagic, Str+4} (You found it on level 4 of the Dungeon)
  3496 | D:4      | Found a staircase to the Ecumenical Temple.
  3528 | D:4      | Reached skill level 1 in Maces & Flails
  3528 | D:4      | Reached XP level 7. HP: 47/61 MP: 2/7
  3706 | D:4      | Found a shattered altar of Ashenzari.
  3770 | D:4      | Reached **** piety under Trog
  4746 | D:5      | Entered Level 5 of the Dungeon
  4790 | D:5      | Found a glowing silver altar of Zin.
  4917 | D:5      | Noticed Grinder
  4922 | D:5      | Reached skill level 1 in Throwing
  4922 | D:5      | Reached XP level 8. HP: 68/68 MP: 2/8
  4927 | D:5      | Killed Grinder
  4927 | D:5      | Reached skill level 6 in Axes
  4986 | D:5      | Found a radiant altar of Vehumet.
  5222 | D:5      | Reached skill level 1 in Evocations
  5331 | D:5      | Reached skill level 7 in Axes
  5454 | D:5      | Found a basalt altar of Yredelemnul.
  5457 | D:5      | Got a crude silver amulet
  5634 | D:6      | Reached skill level 8 in Axes
  5762 | D:6      | Found a shadowy altar of Dithmenos.
  5809 | D:6      | Found an opulent altar of Gozag.
  5876 | D:6      | Found a bloodstained altar of Trog.
  6010 | D:6      | Reached XP level 9. HP: 67/74 MP: 3/10
  6475 | D:6      | Found a deep blue altar of Sif Muna.
  6563 | D:7      | Found a bloodstained altar of Trog.
  6619 | D:7      | Noticed a hornet
  6630 | D:7      | Paralysed by a hornet for 2 turns
  6649 | D:7      | Killed a hornet
  7024 | D:8      | Found an opulent altar of Gozag.
  7283 | D:8      | Identified the amulet "Aguexaes" {Gourm *Slow Str+3 Dex+6} (You found it on level 5 of the Dungeon)
  7534 | D:8      | Reached skill level 10 in Armour
  7539 | D:8      | Noticed Psyche
  8024 | D:9      | Found a burning altar of Makhleb.
  8077 | D:9      | Reached skill level 9 in Axes
  8129 | D:9      | Reached skill level 10 in Axes
  8129 | D:9      | Reached XP level 10. HP: 84/84 MP: 11/11
  8149 | D:9      | Reached ***** piety under Trog
  8154 | D:9      | Received a gift from Trog
  8551 | D:9      | Found a staircase to the Lair.
  8555 | D:9      | Noticed a spiny frog
  8570 | D:9      | Killed a spiny frog
  9072 | Lair:1   | Entered Level 1 of the Lair of Beasts
  9230 | Lair:1   | Reached skill level 11 in Axes
  9570 | Lair:1   | Reached skill level 12 in Axes
 10179 | Lair:2   | Reached XP level 11. HP: 99/99 MP: 12/12
 10198 | Lair:2   | Reached skill level 13 in Axes
 10236 | Lair:2   | Noticed a four-headed hydra
 10244 | Lair:2   | Killed a one-headed hydra
 10262 | Lair:2   | Noticed Harold
 10270 | Lair:2   | Killed Harold
 10270 | Lair:2   | Reached skill level 14 in Axes
 11242 | Lair:3   | Reached skill level 15 in Axes
 11333 | Lair:3   | Reached skill level 10 in Fighting
 11670 | Lair:3   | Found a dark tunnel.
 11670 | Lair:3   | Noticed a lindwurm
 11684 | Lair:3   | Killed a lindwurm
 12271 | Lair:3   | Found a hole to the Spider Nest.
 12272 | Lair:3   | Noticed a wolf spider
 12273 | Lair:3   | Noticed a wolf spider
 12283 | Lair:3   | HP: 5/101 [wolf spider (10)]
 12284 | Lair:3   | Slain by a wolf spider

Skill      XL: |  1  2  3  4  5  6  7  8  9 10 11 |
---------------+----------------------------------+-----
Axes           | 5 8 10 12 15 | 15.0
Armour         | 3 5 6 7 10 | 10.9
Fighting       | 4 5 6 9 10 | 10.4
Maces & Flails | 1 4 |  4.3
Throwing       | 1 2 |  2.3
Evocations     | 1 |  1.6
Dodging        | |  1.5
Stealth        | |  0.1

Action                   |  1- 3 |  4- 6 |  7- 9 | 10-12 || total
-------------------------+-------+-------+-------+-------++-------
Melee: Hand axe          |   141 |   239 |       |       ||   380
       Mace              |       |    37 |   438 |       ||   475
       War axe           |       |       |    25 |    46 ||    71
       Battleaxe         |       |       |       |   289 ||   289
Invok: Berserk           |     1 |     3 |     7 |     3 ||    14
       Trog's Hand       |       |       |     1 |       ||     1
       Brothers in Arms  |       |       |     1 |       ||     1
  Use: Scroll            |     2 |       |     2 |    14 ||    18
       Potion            |       |       |     1 |     1 ||     2
 Stab: Sleeping          |     1 |       |       |       ||     1
       Distracted        |       |     1 |       |       ||     1
  Eat: Chunk             |     3 |    10 |    15 |    15 ||    43
       Fruit             |       |       |     3 |       ||     3
       Meat ration       |       |       |     1 |       ||     1
       Pizza             |       |       |     1 |       ||     1
       Beef jerky        |       |       |     1 |       ||     1
Armor: Animal skin       |    35 |       |       |       ||    35
       Plate armour      |    29 |   163 |   368 |   244 ||   804
Dodge: Dodged            |   100 |   101 |   226 |   129 ||   556
